 Dungeon Crawl Stone Soup version 0.31-a0-222-gefeffbb62a (webtiles) character file.

Game seed: 6781211391969621434

49 puppykicker the Shooter (level 3, -2/20 HPs)
             Began as a Deep Elf Hexslinger on July 6, 2023.
             Succumbed to a kobold's poison
             ... on level 3 of the Dungeon.
             The game lasted 00:02:52 (1634 turns).

puppykicker the Shooter (Deep Elf Hexslinger)       Turns: 1634, Time: 00:02:53

Health: -2/20      AC:  3    Str:  5    XL:     3   Next: 53%
Magic:  7/7        EV: 12    Int: 17    God:
Gold:   145        SH:  0    Dex: 19    Spells: 4/5 levels left

rFire   . . .        a - +1 sling
rCold   . . .        (no shield)
rNeg    . . .        d - +0 leather armour
rPois   .            (no helmet)
rElec   .            (no cloak)
rCorr   .            (no gloves)
SInv    .            (no boots)
Will    .....        (no amulet)
Stlth   +            (no ring)
HPRegen 0.23/turn    (no ring)
MPRegen 0.10/turn

%: no passive effects
@: lethally poisoned (-2 -> -13)
A: no striking features
a: no special abilities


You were on level 3 of the Dungeon.
You visited 1 branch of the dungeon, and saw 3 of its levels.

You collected 145 gold pieces.

Inventory:

Hand Weapons
 a - a +1 sling (weapon)
 b - a +0 short sword
Armour
 d - a +0 leather armour (worn)
Scrolls
 c - 2 scrolls of poison {!r}
 e - 2 scrolls of fog {unknown}
 f - 2 scrolls of identify {unknown}
 g - a scroll of vulnerability {unknown}
Potions
 h - a potion of invisibility {unknown}


   Skills:
 - Level 0.7 Fighting
 + Level 5.3 Ranged Weapons
 - Level 2.4 Dodging
 - Level 1.5 Spellcasting
 - Level 4.0 Hexes


You had 4 spell levels left.
You knew the following spells:

 Your Spells              Type           Power      Damage    Failure   Level
s - Slow                  Hex            56%        N/A       7%          1

Your spell library contained the following spells:

 Spells                   Type           Power      Damage    Failure   Level
 Beastly Appendage        Tmut           2%         N/A       34%         1
 Inner Flame              Hex/Fire       8%         N/A       41%         3
 Portal Projectile        Hex/Tloc       16%        N/A       41%         3
 Wereblood                Tmut           1%         N/A       45%         2
 Cause Fear               Hex            7%         N/A       54%         4
 Spider Form              Tmut/Pois      1%         N/A       71%         3


Dungeon Overview and Level Annotations

Branches:
Dungeon (3/15)

Altars:
Okawaru


Message History

You take 5 damage, and have 12/20 hp.
MASSIVE DAMAGE!!
You shoot a sling bullet.
The sling bullet closely misses the goblin.
You feel sick. The goblin misses you.
You take 2 damage, and have 10/20 hp.
You shoot a sling bullet. The sling bullet hits the goblin.
You feel sick. The goblin barely misses you.
The kobold throws a poisoned dart.
The poisoned dart misses you.
You take 1 damage, and have 9/20 hp.
You are too injured to fight recklessly!
You are too injured to fight recklessly!
Unknown command.
You are too injured to fight recklessly!
You are too injured to fight recklessly!
You are too injured to fight recklessly!
You are too injured to fight recklessly!
Unknown command.
There are no items here.
Found a stone staircase leading down.
You feel sick.
The kobold throws a poisoned dart.
The poisoned dart hits you!
You are lethally poisoned!
You take 1 damage, and have 8/20 hp.
Fire: a) +1 sling
Press: ? - help, Q - select action Shift-Dir - straight line, f - kobold, p - goblin
Aim: a kobold, wielding a +0 short sword and quivering poisoned darts (55% to hit)
You shoot a sling bullet.
The sling bullet closely misses the kobold.
* * * LOW HITPOINT WARNING * * *
You feel very sick. The goblin hits you with a +0 club.
* * * LOW HITPOINT WARNING * * *
You take 7 damage, and have 1/20 hp.
MASSIVE DAMAGE!!
Fire: a) +1 sling
Press: ? - help, Q - select action Shift-Dir - straight line, f/p - kobold
Aim: a kobold, wielding a +0 short sword and quivering poisoned darts (55% to hit)
You shoot a sling bullet.
The sling bullet hits the kobold but does no damage.
You die...

##### ##<..##
#.g@K.#
>............$.
##..........)..
#####...##...#
####. ..# .# ##
.# .#


You could see a goblin and a kobold.

Levels and vault maps discovered:
D:1:      lightli_iron_boxes, layout_basic,
          shapermc_ecumenical_altar_mp_ritualfount, chequers_avenue
D:2:      kennysheep_big_flooded_room, layout_loops_cross, serial_rivers,
          chequers_serial_rivers_micro_c, chequers_serial_rivers_micro_e,
          chequers_serial_rivers_micro_c, chequers_serial_rivers_micro_d,
          chequers_serial_rivers_room_a, basic_altar, kennysheep_big_empty_room,
          minmay_misc_feat_plants, columned_hall_lemuel, reono_crystal_passage,
          skrybe_limestone_x, corexii_shack
D:3:      layout_loops_ring

Notes
Turn   | Place    | Note
-------+----------+-------------------------------------------
     0 | D:1      | puppykicker the Deep Elf Hexslinger began the quest for the
                  | Orb.
     0 | D:1      | Reached XP level 1. HP: 11/11 MP: 5/5
    48 | D:1      | Identified a +0 club
    70 | D:1      | Identified a +0 leather armour
    92 | D:1      | Identified a +0 club
    94 | D:1      | Identified a +0 short sword
    97 | D:1      | Reached skill level 3 in Ranged Weapons
   194 | D:1      | Identified a +0 dagger
   201 | D:1      | Reached XP level 2. HP: 15/16 MP: 6/6
   282 | D:1      | Identified a +0 short sword
   310 | D:1      | Found a faded altar of an unknown god.
   313 | D:1      | Reached skill level 4 in Ranged Weapons
   316 | D:1      | Identified a +0 club
   385 | D:1      | Identified a +0 whip
   714 | D:1      | Identified a +0 whip
   717 | D:1      | Reached XP level 3. HP: 20/20 MP: 5/7
   803 | D:2      | Identified a +0 dagger
   803 | D:2      | Identified a +0 sling
   933 | D:2      | Reached skill level 5 in Ranged Weapons
   951 | D:2      | Identified a +0 club
  1234 | D:2      | Identified a +0 short sword
  1260 | D:2      | Found an iron altar of Okawaru.
  1623 | D:3      | Identified a +0 club
  1623 | D:3      | Identified a +0 short sword
  1633 | D:3      | HP: 4/20 [poisoned by a kobold]
  1633 | D:3      | HP: 1/20 [goblin/+0 club (3)]
  1634 | D:3      | Succumbed to a kobold's poison

Table legend: (Time is in decaauts)
 A = Elapsed time spent in this place.
 B = Non-inter-level travel time spent in this place.
 C = Inter-level travel time spent in this place.
 D = Time resting spent in this place.
 E = Time spent auto-exploring this place.
 F = Levels seen in this place.
 G = Mean time per level.
                   A        B        C        D        E       F      G
               +--------+--------+--------+--------+--------+-----+--------+
         Total |   1661 |   1574 |     87 |     83 |   1215 |   3 |  553.7 |
       Dungeon |   1661 |   1574 |     87 |     83 |   1215 |   3 |  553.7 |
               +--------+--------+--------+--------+--------+-----+--------+

Top non-repeatable levels by time:
     D:2: 834 daAuts
     D:1: 814 daAuts
     D:3: 12 daAuts

Table legend:
 A = Kills in this place as a percentage of kills in the entire game.
 B = Kills by you in this place as a percentage of kills by you in the entire game.
 C = Kills by friends in this place as a percentage of kills by friends in the entire game.
 D = Other kills in this place as a percentage of other kills in the entire game.
 E = Experience gained in this place as a percentage of experience gained in the entire game.
 F = Experience gained in this place divided by the number of levels of this place that you have seen.
                   A       B       C       D       E      F
               +-------+-------+-------+-------+-------+----------------------
         Total | 100.0 | 100.0 |   N/A |   N/A | 100.0 |  23.7
       Dungeon | 100.0 | 100.0 |   N/A |   N/A | 100.0 |  23.7
               +-------+-------+-------+-------+-------+----------------------

Skill      XL: |  1  2  3 |
---------------+----------+-----
Ranged Weapons | 3 4 5 |  5.3
Fighting       | |  0.7
Dodging        | |  2.4
Spellcasting   | |  1.5
Hexes          | |  4.0

Action                     || total
---------------------------++-------
   Fire: Sling             ||   111
   Cast: Slow              ||     2
 Armour: Leather armour    ||    12
  Dodge: Dodged            ||    44

Vanquished Creatures
  3 worms
  5 ball pythons
  4 endoplasms
  2 giant cockroaches (D:2)
  6 goblins
  A hobgoblin (D:1)
  4 jackals (D:1)
  5 kobolds
  2 quokkas (D:1)
  2 bats (D:1)
  3 rats
37 creatures vanquished.
